 Dungeon Crawl Stone Soup version 0.29.1-4-g47bece8355 (webtiles) character file.

Game seed: 3291340711054855215

109757 ChadusMaximus the Convoker (level 17, -5/129 HPs)
             Began as a Human Summoner on Dec 9, 2022.
             Was a High Priest of Sif Muna.
             Slain by an anaconda (9 damage)
             ... led by a naga ritualist
             ... on level 1 of the Snake Pit.
             The game lasted 01:22:22 (49724 turns).

ChadusMaximus the Convoker (Human Summoner)        Turns: 49724, Time: 01:22:23

Health: -5/129     AC:  8    Str: 15    XL:     17   Next: 8%
Magic:  4/37       EV: 17    Int: 21    God:    Sif Muna [*****.]
Gold:   2481       SH:  0    Dex: 14    Spells: 16/48 levels left

rFire   + . .      SeeInvis .   H - +0 demon trident (flame)
rCold   . . .      Faith    .   (no shield)
rNeg    . . .      Spirit   .   S - +1 robe "Axzued" {Str+4 Stlth+}
rPois   +          Reflect  .   y - +0 helmet
rElec   +          Harm     .   a - +0 cloak
rCorr   +          Rampage  .   u - +1 pair of gloves
Will    +....                   z - +0 pair of boots
Stlth   +++.......              j - amulet of the acrobat
HPRegen 0.31/turn               i - ring "Rabes" {rElec rPois rF+ rCorr Slay-4}
MPRegen 0.25/turn               p - ring of wizardry

@: hasted, studying Evocations, invisible, very quick
A: no striking features
a: Renounce Religion, Channel Magic, Forget Spell, Divine Exegesis


You were on level 1 of the Snake Pit.
You worshipped Sif Muna.
Sif Muna was extremely pleased with you.
You visited 5 branches of the dungeon, and saw 25 of its levels.
You also visited: Trove, Sewer and Volcano.

You collected 3209 gold pieces.
You spent 728 gold pieces at shops.

Inventory:

Hand Weapons
 s - the +0 staff of Battle
   (You found it in a treasure trove)

   It enhances your conjuration magic.
   It summons a battlesphere in combat, with strength depending on Conjurations
   skill.
   Its strikes trigger the battlesphere's blasts.
 H - a +0 demon trident of flaming (weapon)
Armour
 a - a +0 cloak (worn)
 u - a +1 pair of gloves (worn)
 y - a +0 helmet (worn)
 z - a +0 pair of boots (worn)
 M - a +1 leather armour of fire resistance
 S - the +1 robe "Axzued" (worn) {Str+4 Stlth+}
   (You found it on level 5 of the Lair of Beasts)

   Str:       It affects your strength (+4).
   Stlth:     It makes you more stealthy.
Jewellery
 i - the ring "Rabes" (left hand) {rElec rPois rF+ rCorr Slay-4}
   (You acquired it on level 1 of the Orcish Mines)

   [ring of protection from fire]

   Slay:      It affects your accuracy & damage with ranged weapons and melee
   (-4).
   rF:        It protects you from fire.
   rElec:     It insulates you from electricity.
   rPois:     It protects you from poison.
   rCorr:     It protects you from acid and corrosion.
 j - an amulet of the acrobat (around neck)
 p - a ring of wizardry (right hand)
Wands
 o - a wand of polymorph (6)
 P - a wand of iceblast (22)
 R - a wand of light (15)
 T - a wand of charming (13)
 X - a wand of mindburst (20)
Scrolls
 c - 6 scrolls of magic mapping
 d - 2 scrolls of silence
 f - a scroll of butterflies
 h - 5 scrolls of poison
 l - 7 scrolls of teleportation
 m - 4 scrolls of amnesia
 t - 4 scrolls of vulnerability
 A - 6 scrolls of enchant armour
 B - 4 scrolls of enchant weapon
 C - 2 scrolls of noise
 E - 4 scrolls of immolation
 F - a scroll of fear
 I - 2 scrolls of blinking
 J - a scroll of brand weapon
Potions
 b - a potion of magic
 e - 5 potions of degeneration
 g - 4 potions of haste
 k - 3 potions of curing
 n - 3 potions of ambrosia
 q - 7 potions of brilliance
 v - 5 potions of flight
 w - 5 potions of cancellation {unknown}
 D - 8 potions of lignification {unknown}
 G - 4 potions of berserk rage {unknown}
 N - 2 potions of mutation {unknown}
 O - 4 potions of might {unknown}
 Q - 4 potions of attraction {unknown}
 U - a potion of resistance
Miscellaneous
 x - a box of beasts
 K - a phial of floods
 L - a phantom mirror
 V - a piece from Xom's chessboard (15/15)
 W - a lightning rod (4/4)
 Y - a condenser vane
 Z - a tin of tremorstones (2/2)


   Skills:
 - Level 10.6 Fighting
 - Level 10.9 Dodging
 - Level 2.2 Stealth
 + Level 16.0 Spellcasting
 + Level 18.8 Summonings


You had 16 spell levels left.
You knew the following spells:

 Your Spells              Type           Power      Damage    Failure   Level
a - Summon Small Mammal   Summ           100%       N/A       0%          1
b - Call Canine Familiar  Summ           77%        N/A       0%          3
c - Call Imp              Summ           77%        N/A       0%          2
d - Summon Lightning Spi  Summ/Air       54%        N/A       1%          4
e - Blink                 Tloc           32%        N/A       2%          2
f - Summon Cactus Giant   Summ           38%        N/A       1%          6
g - Summon Hydra          Summ           38%        N/A       1%          7
h - Haunt                 Necr/Summ      27%        N/A       24%         7

Your spell library contained the following spells:

 Spells                   Type           Power      Damage    Failure   Level
 Apportation              Tloc           32%        N/A       1%          1
 Necrotise                Necr           64%        1d7       1%          1
 Shock                    Conj/Air       64%        1d7       1%          1
 Summon Guardian Golem    Hex/Summ       54%        N/A       1%          3
 Summon Forest            Summ/Tloc      27%        N/A       1%          5
 Summon Mana Viper        Hex/Summ       54%        N/A       1%          5
 Sublimation of Blood     Necr           16%        N/A       2%          2
 Wereblood                Tmut           16%        N/A       2%          2
 Confusing Touch          Hex            16%        N/A       4%          3
 Conjure Flame            Conj/Fire      16%        6-21      4%          3
 Gell's Gravitas          Tloc           16%        N/A       4%          3
 Ignite Poison            Fire/Tmut/Pois 16%        N/A       4%          3
 Lesser Beckoning         Tloc           16%        N/A       4%          3
 Portal Projectile        Hex/Tloc       32%        N/A       4%          3
 Teleport Other           Tloc           16%        N/A       4%          3
 Tukima's Dance           Hex            16%        N/A       4%          3
 Vampiric Draining        Necr           16%        2d7       4%          3
 Ice Form                 Ice/Tmut       16%        N/A       14%         4
 Passage of Golubria      Tloc           16%        N/A       14%         4
 Petrify                  Tmut/Erth      16%        N/A       14%         4
 Sticky Flame             Conj/Fire      16%        2d4       14%         4
 Agony                    Necr           16%        N/A       34%         5
 Blade Hands              Tmut           8%         N/A       34%         5
 Borgnjor's Vile Clutch   Necr/Erth      8%         N/A       34%         5
 Irradiate                Conj/Tmut      8%         3d14      34%         5
 Lightning Bolt           Conj/Air       8%         1d20      34%         5
 Manifold Assault         Tloc           16%        N/A       34%         5
 Silence                  Hex/Air        8%         N/A       34%         5
 Yara's Violent Unravell  Hex/Tmut       8%         3d5       34%         5
 Statue Form              Tmut/Erth      10%        N/A       88%         6
 Enfeeble                 Hex            8%         N/A       100%        7
 Storm Form               Tmut/Air       8%         N/A       100%        7
 Necromutation            Tmut/Necr      8%         N/A       100%        8
 Fire Storm               Conj/Fire      8%         8d2       100%        9


Dungeon Overview and Level Annotations

Branches:
Dungeon (15/15)            Temple (1/1) D:6            Lair (5/5) D:11
 Shoals (0/4) Lair:3        Snake (2/4) Lair:2        Slime (0/5) Lair:5
    Orc (2/2) D:10            Elf (0/3) Orc:2        Vaults (0/5) D:14
 Depths (0/4) D:15          Sewer (visited)         Volcano (visited)

Altars:
Ashenzari
Cheibriados
Dithmenos
Elyvilon
Fedhas
Gozag
Hepliaklqana
Kikubaaqudgha
Makhleb
Nemelex Xobeh
Okawaru
Qazlal
Ru
Sif Muna
Trog
Uskayaw
Vehumet
Wu Jian
Xom
Yredelemnul
Zin
The Shining One

Shops:
D:2 (   D:6 (![?*?   D:13 *=(!   Orc:1 ?   Orc:2 **[:[

Annotations:
D:9 2 runed translucent doors, kalagan's ghost, novice DECj
Snake:2 Aizul


Message History

* * * LOW HITPOINT WARNING * * *
The anaconda constricts you.
* * * LOW HITPOINT WARNING * * *
You miss the anaconda.
The anaconda is lightly wounded.
The black mamba barely misses your warg.
The anaconda bites you!
* * * LOW HITPOINT WARNING * * *
The anaconda constricts you.
* * * LOW HITPOINT WARNING * * *
The black mamba misses your warg.
Your cactus giant misses the anaconda.
Your warg bites the black mamba!
The anaconda barely misses you. The anaconda constricts you.
* * * LOW HITPOINT WARNING * * *
The black mamba bites your warg!
You feel better. The anaconda bites you!
* * * LOW HITPOINT WARNING * * *
The anaconda constricts you.
* * * LOW HITPOINT WARNING * * *
Your warg misses the black mamba. The black mamba bites your warg.
The anaconda bites you.
* * * LOW HITPOINT WARNING * * *
The anaconda constricts you.
* * * LOW HITPOINT WARNING * * *
Your warg closely misses the black mamba.
Okay, then.
Blink to where?
Press: ? - help, Dir - move target You escape the anaconda's grasp.
As you read the scroll of blinking, it crumbles to dust.
Okay, then.
You fade into invisibility!
Casting: Summon Cactus Giant (mildly dangerous; 1% risk of failure)
Confirm with . or Enter, or press ? or * to list all spells.
An electric hum fills the air.
The anaconda misses you. The anaconda barely misses you.
The anaconda completely misses you.
You feel yourself speed up. The anaconda bites you!
You die...

....................######...####
.......................##........
..............S......###.......##
.....................# #..[....#.
.....##..............###....###..
.....##...............##..####...
#....####.....8.....)##.### #....
#.....# #.#.....S.###...#####....
####..########.#@###......##.....
. ##..#.<.# ###.##........#.....
.###.......#####.................
##...........##............###...
............................##...
..............#..............####
.............................# #
............................##
...............##...........#


You could see an anaconda (unable to see you, ally target), a black mamba
(unable to see you) and a friendly lightning spire (summoned).

Vanquished Creatures
  An ogre mage (Orc:2)
  2 wizards
  A cyclops (D:14)
  2 nameless horrors
  2 black mambas (Snake:1)
  2 cane toads (Lair:5)
  Psyche (D:10)
  3 komodo dragons
  4 trolls
  A polar bear (Lair:5)
  A hornet (Lair:5)
  3 slime creatures
  3 blink frogs
  2 spriggans (Lair:5)
  5 yaks
  A shadow (D:12)
  4 wyverns
  A basilisk (Lair:4)
  A warg (Orc:1)
  2 nagas (Snake:1)
  5 water moccasins
  An orc warrior (Orc:1)
  3 ogres (Orc:2)
  4 wolves
  2 centaurs
  4 bullfrogs
  A kobold brigand (D:8)
  A wight (D:9)
  2 howler monkeys
  An orc priest (Orc:1)
  An iguana (D:5)
  4 orc wizards
  An adder (D:3)
  2 shadow imps
  A worm (D:3)
  A dart slug (D:2)
  5 orcs
  3 ball pythons
  9 endoplasms
  A giant cockroach (D:1)
  5 goblins
  3 hobgoblins
  A jackal (D:2)
  A quokka (D:2)
  A bat (D:2)
  2 frilled lizards
  6 kobolds
  6 rats
119 creatures vanquished.

Vanquished Creatures (collateral kills)
  Kirke (Snake:2)
  An emperor scorpion (D:15)
  Azrael (Snake:1)
  A dire elephant (D:15)
  Snorg (D:11)
  Josephine (Orc:1)
  Fannar (D:11)
  A vault guard (D:14)
  8 hydras
  A boulder beetle (D:12)
  An ogre mage (Orc:2)
  2 catoblepae (D:14)
  2 centaur warriors
  6 anacondas
  12 two-headed ogres
  2 naga warriors (Snake:1)
  Erica (D:8)
  3 tengu warriors
  3 naga sharpshooters (Snake:1)
  10 spriggans (Lair:5)
  2 shock serpents (Snake:1)
  Sonja (D:11)
  2 deep trolls
  A deep elf archer (Volcano)
  A wizard (D:14)
  4 naga ritualists (Snake:1)
  A lindwurm (Lair:3)
  Pikel (D:7)
  4 mana vipers (Snake:1)
  An oklob plant (Lair:2)
  3 ugly things
  3 deep elf pyromancers (Volcano)
  9 manticores
  10 cyclopes
  3 salamanders
  6 elephants (Lair:4)
  15 black mambas
  2 guardian serpents (Snake:1)
  9 cane toads
  7 naga magi
  A torpor snail (Lair:2)
  2 rime drakes
  5 komodo dragons
  A tengu conjurer (D:12)
  6 hornets
  10 trolls
  A wind drake (Lair:3)
  5 polar bears
  A tarantella (shapeshifter) (D:13)
  6 slime creatures
  19 blink frogs
  9 dream sheep (Lair:5)
  A centaur simulacrum (D:14)
  A shadow (D:13)
  5 wraiths
  8 fire elementals
  3 nameless horrors
  2 steam dragons
  39 yaks
  3 wyverns
  4 vampire mosquitoes (D:13)
  6 basilisks
  A warg (Orc:2)
  3 acid dragons
  8 nagas
  13 hell hounds
  5 water moccasins
  Pargi (Sewer)
  13 orc warriors
  4 ice beasts
  19 ogres
  8 black bears
  23 wolves
  4 boggarts (Lair:5)
  12 centaurs
  A phantom (D:7)
  A kobold brigand (D:9)
  A necrophage (D:5)
  9 bullfrogs
  A gnoll sergeant (D:8)
  2 scorpions
  6 wights
  An electric eel (Lair:1)
  6 howler monkeys
  5 hounds
  A jelly (D:7)
  12 orc priests
  Crazy Yiuf (D:3)
  2 gnoll boudas
  Jessica (D:3)
  4 iguanas
  13 orc wizards
  A mummy (D:4)
  23 gnolls
  6 adders
  A white imp (D:7)
  An ufetubus (D:6)
  2 worms
  55 orcs
  A bat (D:2)
  4 endoplasms
  A giant cockroach (D:4)
  2 goblins
  5 hobgoblins
  8 jackals
  6 kobolds
  4 quokkas
  5 ball pythons
  A frilled lizard (D:2)
  6 rats
595 creatures vanquished.

Vanquished Creatures (others)
  4 humans (Snake:2)
  An orc priest (Orc:1)
  19 fungi
  42 plants
66 creatures vanquished.

Grand Total: 780 creatures vanquished

Notes
Turn   | Place    | Note
-------+----------+-------------------------------------------
     0 | D:1      | ChadusMaximus the Human Summoner began the quest for the
                  | Orb.
     0 | D:1      | Reached XP level 1. HP: 13/13 MP: 3/3
   483 | D:1      | Reached XP level 2. HP: 19/19 MP: 1/5
  1094 | D:1      | Reached XP level 3. HP: 20/24 MP: 6/6
  1374 | D:1      | Learned a level 3 spell: Call Canine Familiar
  1377 | D:1      | Learned a level 2 spell: Call Imp
  1900 | D:2      | Reached XP level 4. HP: 24/30 MP: 1/7
  1969 | D:2      | Reached skill level 5 in Summonings
  2608 | D:2      | Found Rorchaigg's Weapon Shoppe.
  2770 | D:2      | Reached XP level 5. HP: 33/34 MP: 9/9
  2934 | D:2      | Found a faded altar of an unknown god.
  3317 | D:3      | Noticed Jessica
  3334 | D:3      | Killed Jessica
  3508 | D:3      | Found a runed translucent door.
  3939 | D:3      | Found a glowing drain.
  3962 | Sewer    | Entered a sewer
  4064 | Sewer    | Noticed Pargi
  4082 | Sewer    | Killed Pargi
  4083 | Sewer    | Reached skill level 6 in Summonings
  4083 | Sewer    | Reached XP level 6. HP: 12/41 MP: 3/11
  4582 | D:3      | Noticed Crazy Yiuf
  4592 | D:3      | Learned a level 4 spell: Summon Lightning Spire
  4615 | D:3      | Killed Crazy Yiuf
  4918 | D:4      | Found a hide-covered altar of Uskayaw.
  5003 | D:4      | Found a shadowy altar of Dithmenos.
  5150 | D:4      | Noticed a black bear
  5158 | D:4      | Killed a black bear
  5159 | D:4      | Reached XP level 7. HP: 46/46 MP: 5/13
  5326 | D:4      | Reached skill level 7 in Summonings
  5952 | D:4      | Found a snail-covered altar of Cheibriados.
  6327 | D:5      | Entered Level 5 of the Dungeon
  6594 | D:5      | Reached XP level 8. HP: 42/52 MP: 11/14
  6686 | D:5      | Noticed a hornet
  6694 | D:5      | Killed a hornet
  6695 | D:5      | Reached skill level 5 in Spellcasting
  6695 | D:5      | Reached skill level 8 in Summonings
  6748 | D:5      | Learned a level 2 spell: Blink
  7397 | D:5      | Reached skill level 9 in Summonings
  8266 | D:6      | Reached XP level 9. HP: 57/57 MP: 8/17
  8351 | D:6      | Reached skill level 10 in Summonings
  8596 | D:6      | Identified the +3 leather armour of Devuah {Dex+7 Stlth-}
  9192 | D:6      | Found a staircase to the Ecumenical Temple.
  9243 | D:6      | Found Taysock's General Store.
  9243 | D:6      | Found Ypsof's Armour Emporium.
  9246 | D:6      | Found Siuf's Magic Scroll Boutique.
  9246 | D:6      | Found Eruh's Magic Scroll Shop.
  9247 | D:6      | Found Cuuh's Distillery.
  9247 | D:6      | Found Cedigi's Weapon Shoppe.
  9302 | D:6      | Identified a scroll of acquirement
  9306 | D:6      | Acquired 779 gold pieces
  9496 | D:7      | Reached skill level 1 in Fighting
  9629 | D:7      | Noticed a two-headed ogre
  9642 | D:7      | Killed a two-headed ogre
  9643 | D:7      | Reached XP level 10. HP: 71/71 MP: 6/19
  9744 | D:7      | Found a burning altar of Makhleb.
  9939 | D:7      | Noticed Pikel
  9962 | D:7      | Killed Pikel
  9963 | D:7      | Reached skill level 5 in Dodging
 10146 | D:7      | Reached skill level 5 in Fighting
 11499 | D:8      | Noticed Erica
 11517 | D:8      | Killed Erica
 11573 | D:8      | Reached XP level 11. HP: 83/83 MP: 14/20
 12411 | D:8      | Found a sparkling altar of Nemelex Xobeh.
 12646 | D:9      | Found a large runed translucent door.
 12646 | D:9      | Found a large runed translucent door.
 12657 | D:9      | Noticed kalagan's ghost (novice DECj)
 12952 | D:9      | Paralysed by a hornet for 2 turns
 13632 | D:9      | Noticed a two-headed ogre
 13689 | D:9      | Killed a two-headed ogre
 14350 | Temple   | Entered the Ecumenical Temple
 14356 | Temple   | Became a worshipper of Sif Muna the Loreminder
 14677 | D:10     | Entered Level 10 of the Dungeon
 14911 | D:10     | Noticed a two-headed ogre
 15205 | D:10     | Found a portal to a secret trove of treasure.
 15495 | D:10     | Noticed a manticore
 15516 | D:10     | Killed a manticore
 15724 | D:10     | Killed a two-headed ogre
 15795 | D:10     | Found a staircase to the Orcish Mines.
 16143 | D:11     | Noticed a two-headed ogre
 16159 | D:11     | Killed a two-headed ogre
 16160 | D:11     | Reached skill level 10 in Dodging
 16160 | D:11     | Reached XP level 12. HP: 97/97 MP: 12/21
 16364 | D:11     | Noticed Sonja
 16394 | D:11     | Killed Sonja
 16395 | D:11     | Reached skill level 10 in Fighting
 16430 | D:11     | Noticed Psyche
 16589 | D:11     | Found a staircase to the Lair.
 17100 | D:11     | Noticed Snorg
 17435 | D:11     | Reached * piety under Sif Muna
 17440 | D:11     | Noticed Fannar
 17491 | D:10     | Learned a level 6 spell: Summon Cactus Giant
 17570 | D:10     | Killed Psyche
 19434 | D:11     | Killed Snorg
 19822 | Lair:1   | Entered Level 1 of the Lair of Beasts
 20134 | D:11     | Reached skill level 11 in Summonings
 20778 | Lair:1   | Noticed a four-headed hydra
 20788 | Lair:1   | Killed a four-headed hydra
 21234 | Lair:1   | You fall into a shaft and drop 1 floor!
 21718 | Lair:2   | Noticed a four-headed hydra
 21725 | Lair:2   | Killed a four-headed hydra
 21726 | Lair:2   | Reached XP level 13. HP: 104/104 MP: 15/25
 21947 | Lair:1   | Reached skill level 12 in Summonings
 23242 | Lair:2   | Found a staircase to the Snake Pit.
 23704 | Lair:2   | Reached ** piety under Sif Muna
 23951 | Lair:2   | Found an ancient bone altar of Kikubaaqudgha.
 24959 | Lair:3   | Reached skill level 13 in Summonings
 25133 | Lair:3   | Found a staircase to the Shoals.
 25266 | Lair:3   | Reached skill level 10 in Spellcasting
 25760 | Lair:4   | Noticed an eight-headed hydra
 25773 | Lair:4   | Killed an eight-headed hydra
 26824 | Lair:4   | Reached XP level 14. HP: 107/111 MP: 17/28
 26998 | Lair:4   | Reached skill level 14 in Summonings
 27520 | Lair:5   | Entered Level 5 of the Lair of Beasts
 27806 | Lair:5   | Reached *** piety under Sif Muna
 28102 | Lair:5   | Paralysed by a hornet for 3 turns
 28812 | Lair:5   | Identified the +1 robe "Axzued" {Str+4 Stlth+}
 28989 | Lair:5   | Reached **** piety under Sif Muna
 29191 | Lair:5   | Reached skill level 15 in Summonings
 29992 | Lair:5   | Paralysed by a hornet for 1 turns
 30506 | Lair:5   | Found a staircase to the Slime Pits.
 31736 | D:11     | Killed Fannar
 34059 | D:12     | Reached XP level 15. HP: 108/117 MP: 19/31
 34265 | D:13     | Found Hefise's Assorted Antiques.
 34639 | D:13     | Found Renyfiec's Weapon Shoppe.
 34834 | D:13     | Found Haraonwem's Jewellery Boutique.
 34878 | D:13     | Found Ybboek's Distillery.
 35799 | D:14     | Reached skill level 16 in Summonings
 36314 | D:14     | You fall into a shaft and drop 1 floor!
 36314 | D:15     | Entered Level 15 of the Dungeon
 36357 | D:15     | Found an ornate altar of the Wu Jian Council.
 37217 | D:14     | Learned a level 7 spell: Summon Hydra
 37942 | D:14     | Reached ***** piety under Sif Muna
 38350 | D:14     | Found a gate to the Vaults.
 38624 | D:10     | You paid a toll of 4 scrolls of butterflies to enter a
                  | treasure trove
 38625 | Trove    | Entered a treasure trove
 38628 | Trove    | Found the +0 staff of Battle
 39344 | D:15     | Noticed an emperor scorpion
 39356 | D:15     | Killed an emperor scorpion
 39585 | D:15     | Found a staircase to the Depths.
 39879 | Orc:1    | Entered Level 1 of the Orcish Mines
 39894 | Orc:1    | Noticed Josephine
 40110 | D:10     | Reached skill level 17 in Summonings
 40430 | Orc:1    | Killed Josephine
 41052 | Orc:1    | Found Moxkuc Pas's Magic Scroll Shop.
 41170 | Orc:1    | Bought a scroll of acquirement for 728 gold pieces
 41184 | Orc:1    | Acquired the ring "Rabes" {rElec rPois rF+ rCorr Slay-4}
 41403 | Orc:2    | Entered Level 2 of the Orcish Mines
 41527 | Orc:2    | Found a staircase to the Elven Halls.
 41541 | Orc:2    | Received a gift from Sif Muna
 41632 | Orc:2    | Found a dark tunnel.
 41642 | Volcano  | Entered a volcano
 42192 | Volcano  | Reached XP level 16. HP: 114/124 MP: 19/34
 42824 | Orc:2    | Got Sif Muna's Volume of the Mortuary and Flames {god gift}
 43322 | Orc:2    | Received a gift from Sif Muna
 43322 | Orc:2    | Found Ofiacogg's Antique Armour Emporium.
 43322 | Orc:2    | Found Noploulatu's Book Shoppe.
 43322 | Orc:2    | Found Fififas's Antique Armour Shoppe.
 43323 | Orc:2    | Found Rotiosas's General Store.
 43892 | Orc:2    | Got Sif Muna's Meditations on Mutated Dark Secrets {god
                  | gift}
 44011 | Orc:2    | Reached skill level 15 in Spellcasting
 44336 | Orc:2    | Found Waest's CLEARANCE SALE!.
 44929 | Snake:1  | Entered Level 1 of the Snake Pit
 45840 | Snake:1  | You fall into a shaft and drop 1 floor!
 46044 | Snake:2  | Noticed Kirke
 46053 | Snake:2  | Killed Kirke
 46054 | Snake:2  | Reached skill level 18 in Summonings
 46102 | Snake:2  | Noticed Aizul
 49028 | Snake:1  | Reached XP level 17. HP: 90/129 MP: 12/36
 49162 | Snake:1  | Got the Papyrus of Fog and Darkness
 49175 | Snake:1  | Learned a level 7 spell: Haunt
 49686 | Snake:1  | Noticed Azrael
 49697 | Snake:1  | Killed Azrael
 49713 | Snake:1  | HP: 2/129 [anaconda[a naga ritualist] (5)]
 49724 | Snake:1  | Slain by an anaconda

Illustrated notes

Levels and vault maps discovered:
D:1:      spicycebolla_arrival_clurvy, layout_loops_ring, grunt_decor_fettered,
          minmay_split_cup_small
D:2:      minmay_chambers_of_twos, layout_loops_corners,
          shapermc_ecumenical_altar_notcrosses, serial_shops, shop
D:3:      layout_basic, cheibrodos_sewer_entry_bend, nicolae_titane,
          uniq_jessica, uniq_crazy_yiuf_cottage
D:4:      layout_basic, chei_slow_surprise, jmf_multi_god_temple,
          nrook_loot_triangle
D:5:      layout_gridville, guppyfry_early_lair_pool
D:6:      layout_rooms, minmay_temple_entry_trees, dk_noncrumbling_4,
          nicolae_wooded_promenade
D:7:      layout_loops_ring, bloody_makhleb, uniq_pikel
D:8:      layout_loops_ring, mainiacjoe_overflow_surrounded_room, uniq_erica
D:9:      layout_small_grid, ebering_ghost_disaster_area
D:10:     layout_loops_ring, orc_0_dummy, nicolae_trove_entry_columns
D:11:     layout_loops_corners, lair_entry_dummy, uniq_fannar, uniq_sonja,
          uniq_snorg, uniq_psyche
D:12:     layout_roguey, hangedman_decor_peaks_small, hellmonk_bongcloud_opening
D:13:     layout_basic, serial_shops, kennysheep_mini, shop,
          nicolae_stop_n_shop_2, nicolae_shop_crystal
D:14:     layout_long_grid, david_vaults_5, serial_park_avenue1
D:15:     hangedman_depths_entry_try_elsewhere_first, layout_basic,
          nicolae_wu_jian_wuxing_cycle
Temple:   sentei_temple_godly_chess
Lair:1:   layout_hall_layers, grunt_megastairs_4, serial_bayou_shore_a
Lair:2:   layout_long_grid, guppyfry_snake_entry_garden, lemuel_oklob_altar
Lair:3:   layout_roguey, minmay_shoals_entry_beasts, grunt_megastairs_1
Lair:4:   layout_hall_layers, kennysheep_basilisk_garden
Lair:5:   minmay_lair_end_enchanted_forest, layout_regular_city, slime_entry_1
Snake:1:  kennysheep_snake, layout_chambers, lemuel_fruit_tree, uniq_azrael
Snake:2:  layout_onion, serial_bayou_pond_b, nicolae_triple_integral,
          minmay_shop_star, uniq_vashnia, uniq_aizul, uniq_kirke, uniq_asterion
Orc:1:    layout_caves, serial_shops, nicolae_shop_waterfront, uniq_josephine
Orc:2:    st_orc_open, layout_caves, enter_volcano_3, nicolae_shop_clearance

Skill      XL: |  1  2  3  4  5  6  7  8  9 10 11 12 13 14 15 16 17 |
---------------+----------------------------------------------------+-----
Summonings     | 5 6 7 9 10 11 13 15 17 18 | 18.8
Spellcasting   | 3 4 5 6 8 10 12 14 15 16 | 16.0
Fighting       | 3 6 9 10 | 10.6
Dodging        | 4 7 10 | 10.9
Stealth        | |  2.2

Action                   |  1- 3 |  4- 6 |  7- 9 | 10-12 | 13-15 | 16-18 || total
-------------------------+-------+-------+-------+-------+-------+-------++-------
Melee: Unarmed           |    26 |       |       |       |       |       ||    26
       Club              |    30 |       |       |       |       |       ||    30
       Short sword       |     5 |       |       |       |       |       ||     5
       Punch             |     1 |       |     2 |     3 |     6 |     1 ||    13
       Spear             |       |   151 |   121 |   277 |   524 |    20 ||  1093
       Flail             |       |     2 |       |       |       |       ||     2
       Demon trident     |       |       |       |       |       |   124 ||   124
 Cast: Summon Small Mamm |    27 |     8 |     3 |    18 |    27 |     9 ||    92
       Call Canine Famil |     2 |    15 |    25 |    86 |   105 |    23 ||   256
       Call Imp          |     2 |     4 |     4 |    20 |     9 |     1 ||    40
       Summon Lightning  |       |     3 |    29 |    58 |   111 |    41 ||   242
       Summon Cactus Gia |       |       |       |    12 |   114 |    53 ||   179
       Summon Hydra      |       |       |       |       |    10 |    23 ||    33
       Blink             |       |       |       |       |     1 |       ||     1
  Use: Scroll            |       |     1 |    10 |     6 |    18 |     5 ||    40
       Potion            |       |     1 |       |     4 |     4 |     6 ||    15
 Stab: Sleeping          |     1 |     7 |     2 |     1 |     2 |     1 ||    14
       Distracted        |       |     1 |     1 |    15 |     7 |     1 ||    25
Armor: Robe              |    17 |    31 |    28 |    17 |    92 |    44 ||   229
       Leather armour    |       |       |       |    72 |    70 |       ||   142
Dodge: Dodged            |    51 |    64 |    78 |   308 |   608 |   260 ||  1369
